 Dungeon Crawl Stone Soup version 0.29-a0-284-gf9362112df (webtiles) character file.

Game seed: 5497293548799545049

93 spaghetti the Sneak (level 4, -7/21 HPs)
             Began as a Vine Stalker Earth Elementalist on Mar 20, 2022.
             Was an Initiate of Yredelemnul.
             Mangled by an orc
             ... wielding a +0 mace
              (8 damage)
             ... on level 4 of the Dungeon.
             The game lasted 00:04:14 (2053 turns).

spaghetti the Sneak (VSEE)                          Turns: 2053, Time: 00:04:15

Health: -7/21      AC:  3    Str: 11    XL:     4   Next: 61%
Magic:  0/8        EV: 12    Int: 15    God:    Yredelemnul [......]
Gold:   116        SH:  0    Dex: 16    Spells: 4/7 levels left

rFire   . . .      SeeInvis .   f - +0 dagger {short}
rCold   . . .      Faith    +   (no shield)
rNeg    . . .      Spirit   +   b - +1 robe
rPois   .          Reflect  .   (no helmet)
rElec   .          Harm     .   (no cloak)
rCorr   .          Rampage  .   (no gloves)
Will    .....                   (no boots)
Stlth   +++.......              k - amulet of faith {!P}
HPRegen 0.87/turn               j - ring of wizardry
MPRegen 0.11/turn               (no ring)

@: no status effects
A: fangs 2, regeneration 1, magic shield, antimagic bite, no potion heal 2,
talons 1, sense surroundings 1
a: Renounce Religion, Recall Undead Harvest


You were on level 4 of the Dungeon.
You worshipped Yredelemnul.
Yredelemnul was noncommittal.
You visited 1 branch of the dungeon, and saw 4 of its levels.

You collected 116 gold pieces.


Innate Abilities, Weirdness & Mutations

You have extremely sharp teeth.
Your natural rate of healing is unusually fast.
When hurt, damage is shared between your health and your magic reserves.
Your bite disrupts and absorbs the magic of your enemies.
Potions cannot restore your health.
You have sharp toenails.
You passively map a small area around you.


   Skills:
 + Level 2.1 Short Blades
 - Level 1.5 Dodging
 + Level 5.0 Stealth
 - Level 2.1 Spellcasting
 - Level 1.0 Transmutations
 - Level 3.0 Earth Magic
 + Level 0.1 Invocations


You had 4 spell levels left.
You knew the following spells:

 Your Spells              Type           Power      Damage    Failure   Level
a - Sandblast             Erth           20%        2d7       2%          1
b - Passwall              Tmut/Erth      5%         N/A       6%          2

Your spell library contained the following spells:

 Spells                   Type           Power      Damage    Failure   Level
 Animate Skeleton         Necr           2%         N/A       9%          1
 Pain                     Necr           4%         1d4       9%          1
 Stone Arrow              Conj/Erth      12%        3d7       14%         3
 Dazzling Flash           Conj/Hex       2%         N/A       26%         3
 Vampiric Draining        Necr           1%         2d6       26%         3
 Petrify                  Tmut/Erth      7%         N/A       34%         4
 Agony                    Necr           1%         N/A       91%         5
 Silence                  Hex/Air        0%         N/A       91%         5

Inventory:

Hand Weapons
 f - a +0 dagger (weapon) {short}
   (You took it off a goblin on level 1 of the Dungeon)
 h - a +0 war axe {axe}
   (You found it on level 1 of the Dungeon)
Missiles
 a - 59 stones {throwing}
 m - 6 poisoned darts {throwing}
Armour
 b - a +1 robe (worn)
Jewellery
 j - a ring of wizardry (left hand)
   (You found it on level 2 of the Dungeon)
 k - an amulet of faith (around neck) {!P}
   (You found it on level 2 of the Dungeon)
Scrolls
 g - a scroll of immolation {!r!r}
 i - a scroll of enchant armour
Potions
 c - a potion of magic
 l - 3 potions of attraction {unknown}

Dungeon Overview and Level Annotations

Branches:
Dungeon (4/15)
 Temple: D:4-7

Altars:
Yredelemnul

Shops:
D:2

[ * ≈ , ≈≈ , , *
,.≈≈ *, , ..... *,
, * , ,.≈≈.≈ , ,
≈.... ≈≈ *
.≈≈≈#######
#......Z# * *
,####....Zl@#...,
*
#.........oo....$.
,,,
#.....<.###o.≈≈≈≈.
, #....)..#
..≈≈≈≈. ≈ ,
#.......# ..≈≈≈≈.
, #.......#
..≈≈≈≈. * *
#....#+## #.≈≈≈≈.,
##+## , ...... * *
≈


You could see an iguana (ally target), an orc priest, 2 orcs, a friendly jackal
zombie and a friendly orc zombie.


Message History

You take 2 damage, and now have 19/21 hp.
You lost 2 mp, and now have 5/8 mp.
Aiming: Sandblast (safe; 2% risk of failure)
Press: ? - help, Q - select action, (/) - cycle Shift-Dir - straight line, f/p - jackal
Aim: a jackal (moderately wounded, 74% to hit)
The blast of sand hits the jackal.
The jackal bites you but does no damage. x2 😕 MP[-1]
You lost 1 mp, and now have 4/8 mp.
Aiming: Sandblast (safe; 2% risk of failure)
Press: ? - help, Q - select action, (/) - cycle Shift-Dir - straight line, f/p - jackal
Aim: a jackal (almost dead, 74% to hit)
The blast of sand hits the jackal.
You kill the jackal!
A black mist starts to gather...
The jackal closely misses you.
The jackal bites you but does no damage. 😕 HP[+1] MP[-1]
You lost 1 mp, and now have 3/8 mp.
Aiming: Sandblast (safe; 2% risk of failure)
Press: ? - help, Q - select action, (/) - cycle Shift-Dir - straight line, f - jackal
Aim: a jackal (lightly wounded, 74% to hit)
The blast of sand hits the jackal.
The jackal closely misses you. 😎 HP[+1] MP[-1]
Your hp is fully restored (21).
You lost 1 mp, and now have 2/8 mp.
Aiming: Sandblast (safe; 2% risk of failure)
Press: ? - help, Q - select action, (/) - cycle Shift-Dir - straight line, f/p - jackal
Aim: a jackal (severely wounded, ally target, 74% to hit)
The blast of sand misses the jackal.
The iguana hisses angrily.
The jackal closely misses you. The jackal barely misses you. 😎 MP[-1]
You lost 1 mp, and now have 1/8 mp.
Aiming: Sandblast (safe; 2% risk of failure)
Press: ? - help, Q - select action, (/) - cycle Shift-Dir - straight line, f/p - jackal
Aim: a jackal (severely wounded, ally target, 74% to hit)
The blast of sand hits the jackal!
You kill the jackal!
A black mist starts to gather... 😎 MP[-1]
You lost 1 mp, and now have 0/8 mp.
Okay, then.
You don't have enough magic to cast this spell.
Unknown command.
An orc comes into view. It is wielding a +0 hand axe.
An orc comes into view. It is wielding a +0 mace.
An orc comes into view. It is wielding a +0 dagger.
The orc moves out of view. 😎 MP[+1] Unknown command.
The orc shouts!
You hear a shout!
An orc priest comes into view. It is wielding a +0 hand axe.
The iguana bites your jackal zombie.
You see here a scroll labelled ANOBE CAVUE.
Your jackal zombie barely misses the iguana.
The orc hits you but does no damage.
The iguana closely misses your jackal zombie.
You hit the orc.
Your jackal zombie bites the iguana.
Your jackal zombie bites the iguana but does no damage.
The orc priest calls upon Beogh to heal the orc.
The orc's wounds heal themselves!
The orc hits you with a +0 hand axe! 😮 HP[-6] MP[-1]
You take 6 damage, and now have 15/21 hp.
MASSIVE DAMAGE!! (PAUSE)
You lost 1 mp, and now have 0/8 mp.
You hit the orc.
Your jackal zombie bites the iguana.
The iguana bites your jackal zombie!
Your jackal zombie is destroyed!
Your jackal zombie bites the iguana. 😕 HP[+1]
You hit the orc. The orc hits you with a +0 hand axe.
Your jackal zombie completely misses the iguana. 😮 HP[-5]
You take 5 damage, and now have 11/21 hp.
MASSIVE DAMAGE!! (PAUSE)
You hit the orc. Your bite misses the orc. The orc closely misses you.
Your jackal zombie bites the iguana but does no damage.
You hit the orc.
You kill the orc!
A black mist starts to gather...
The iguana bites you!
Ouch! That really hurt!
* * * LOW HITPOINT WARNING * * *
Your Stealth skill increases to level 5! 😱 HP[-10]
You take 10 damage, and now have 1/21 hp.
MASSIVE DAMAGE!! (PAUSE) It was a potion of mutation.
You feel extremely strange.
You feel a strange attunement to the structure of the dungeons.
Your toenails lengthen and sharpen.
Your jackal zombie closely misses the iguana.
The orc priest barely misses you.
The iguana misses you. 😱 HP[+1] It was a potion of curing.
That felt strangely inert.
Your jackal zombie barely misses the iguana.
Your orc zombie barely misses the iguana.
The orc priest hits you with a +0 hand axe.
* * * LOW HITPOINT WARNING * * *
The iguana barely misses you. The orc hits you with a +0 mace!
You die...
Your body rises from the dead as a mindless zombie.

Skill      XL: |  1  2  3  4 |
---------------+-------------+-----
Stealth        | 3 4 5 |  5.0
Short Blades   | 1 2 |  2.1
Dodging        | |  1.5
Spellcasting   | |  2.1
Transmutations | |  1.0
Earth Magic    | |  3.0
Invocations    | |  0.1

Action                   |  1- 3 |  4- 6 || total
-------------------------+-------+-------++-------
Melee: Unarmed           |    17 |       ||    17
       Bite              |    15 |    10 ||    25
       Dagger            |    42 |    25 ||    67
       Punch             |     2 |       ||     2
 Cast: Sandblast         |    10 |     8 ||    18
Invok: Recall Undead Har |       |     1 ||     1
  Use: Scroll            |     2 |       ||     2
       Potion            |       |     2 ||     2
 Stab: Sleeping          |     7 |       ||     7
Armor: Robe              |    15 |    12 ||    27
Dodge: Dodged            |    40 |    37 ||    77

Levels and vault maps discovered:
D:1:      ncdulo_wetmaze, layout_loops_ring, basic_ecumenical_altar,
          hangedman_abyss_or_decor_stabs
D:2:      layout_loops_corners, serial_shops, nicolae_shop_statue_plus,
          uniq_terence
D:3:      layout_basic
D:4:      layout_basic, nicolae_uskayaw_suspiria,
          minmay_temple_entry_nine_rooms, st_stairs_8, minivault_14,
          dreamdust_princess_bridge

Notes
Turn   | Place    | Note
-------+----------+-------------------------------------------
     0 | D:1      | spaghetti the Vine Stalker Earth Elementalist began the
                  | quest for the Orb.
     0 | D:1      | Reached XP level 1. HP: 9/9 MP: 4/4
     0 | D:1      | magus.rc [v1.9.6]
   236 | D:1      | Found a faded altar of an unknown god.
   240 | D:1      | Prayed at the altar of an unknown god.
   240 | D:1      | Became a worshipper of Yredelemnul the Dark
   240 | D:1      | Reached * piety under Yredelemnul
   459 | D:1      | Reached skill level 3 in Stealth
   469 | D:1      | Reached XP level 2. HP: 9/13 MP: 3/6
   795 | D:1      | Reached ** piety under Yredelemnul
  1177 | D:1      | Reached skill level 4 in Stealth
  1177 | D:1      | Reached XP level 3. HP: 11/16 MP: 5/7
  1377 | D:2      | Learned a level 2 spell: Passwall
  1386 | D:2      | Reached skill level 1 in Short Blades
  1457 | D:2      | You pick up a book of the Senses and begin reading...
  1457 | D:2      | You add the spells Dazzling Flash, Agony and Silence to
                  | your library.
  1670 | D:2      | Found Nuesk's Armour Emporium.
  1751 | D:2      | You pick up a book of Necromancy and begin reading...
  1751 | D:2      | You add the spells Pain, Animate Skeleton and Vampiric
                  | Draining to your library.
  1852 | D:2      | Noticed Terence
  1860 | D:2      | Killed Terence
  1861 | D:2      | Gained mutation: Your natural rate of healing is unusually
                  | fast. [Vine Stalker growth]
  1861 | D:2      | Reached XP level 4. HP: 19/21 MP: 8/8
  2001 | D:2      | Reached skill level 2 in Short Blades
  2051 | D:4      | HP: 1/21 [iguana (11)]
  2052 | D:4      | Reached skill level 5 in Stealth
  2052 | D:4      | Gained mutation: You passively map a small area around you.
                  | [potion of mutation]
  2052 | D:4      | Gained mutation: You have sharp toenails. [potion of
                  | mutation]
  2053 | D:4      | Mangled by an orc

Vanquished Creatures
  Terence (D:2)
  An iguana (D:2)
  3 dart slugs
  An orc (D:4)
  4 endoplasms
  2 giant cockroaches
  3 goblins
  2 hobgoblins
  2 jackals (D:4)
  2 quokkas (D:2)
  2 ball pythons
  6 bats
  A frilled lizard (D:1)
  A rat (D:1)
31 creatures vanquished.

Vanquished Creatures (collateral kills)
  A ball python (D:1)
  A bat (D:1)
  A kobold (D:2)
3 creatures vanquished.

Vanquished Creatures (others)
  A jackal zombie (D:4)
1 creature vanquished.

Grand Total: 35 creatures vanquished

Table legend:
 A = Non-vault XP
 B = Vault XP
 C = Vault XP percentage of total XP
 D = Non-vault monster count
 E = Vault monster count
 F = Vault count percentage of total count
                 A         B        C        D         E       F
            +---------+---------+-------+---------+---------+-------
      Total |      97 |      36 |  27.1 |      33 |       1 |   2.9
            +---------+---------+-------+---------+---------+-------
        D:1 |      34 |       0 |   0.0 |      19 |       0 |   0.0
        D:2 |      54 |      36 |  40.0 |      10 |       1 |   9.1
        D:3 |       2 |       0 |   0.0 |       1 |       0 |   0.0
        D:4 |       7 |       0 |   0.0 |       3 |       0 |   0.0
            +---------+---------+-------+---------+---------+-------

Illustrated notes

Table legend:
 A = Kills in this place as a percentage of kills in entire the game.
 B = Kills by you in this place as a percentage of kills by you in the entire game.
 C = Kills by friends in this place as a percentage of kills by friends in the entire game.
 D = Other kills in this place as a percentage of other kills in the entire game.
 E = Experience gained in this place as a percentage of experience gained in the entire game.
 F = Experience gained in this place divided by the number of levels of this place that you have seen.
                   A       B       C       D       E      F
               +-------+-------+-------+-------+-------+----------------------
         Total | 100.0 | 100.0 | 100.0 |   N/A | 100.0 |  33.2
       Dungeon | 100.0 | 100.0 | 100.0 |   N/A | 100.0 |  33.2
               +-------+-------+-------+-------+-------+----------------------

Table legend: (Time is in decaauts)
 A = Elapsed time spent in this place.
 B = Non-inter-level travel time spent in this place.
 C = Inter-level travel time spent in this place.
 D = Time resting spent in this place.
 E = Time spent auto-exploring this place.
 F = Levels seen in this place.
 G = Mean time per level.
                   A        B        C        D        E       F      G
               +--------+--------+--------+--------+--------+-----+--------+
         Total |   2053 |   1981 |     72 |    247 |   1440 |   4 |  513.2 |
       Dungeon |   2053 |   1981 |     72 |    247 |   1440 |   4 |  513.2 |
               +--------+--------+--------+--------+--------+-----+--------+

Top non-repeatable levels by time:
     D:1: 1339 daAuts
     D:2: 682 daAuts
     D:4: 17 daAuts
     D:3: 14 daAuts
